 Dungeon Crawl Stone Soup version 0.30-a0-743-gbfdf073431 (webtiles) character file.

Game seed: 6288624308627484740

191 jimonade the Magician (level 6, -6/40 HPs)
             Began as a Djinni Necromancer on Feb 7, 2023.
             Mangled by a wraith (8 damage)
             ... in an ossuary.
             The game lasted 00:06:29 (2399 turns).

jimonade the Magician (Djinni Necromancer)          Turns: 2399, Time: 00:06:29

Health: -6/40      AC:  2    Str: 21    XL:     6   Next: 1%
Gold:   235        EV: 12    Int: 16    God:
                   SH:  0    Dex: 14

rFire   + + .      SeeInvis .    a - +0 dagger
rCold   x . .      Faith    .    (no shield)
rNeg    . . .      Spirit   .    c - +0 robe
rPois   ∞          Reflect  .    (no helmet)
rElec   .          Harm     .    (no cloak)
rCorr   .          Rampage  .    (no gloves)
Will    .....                    (boots unavailable)
Stlth   ++                       (no amulet)
HPRegen 0.26/turn                k - +6 ring of strength
MPRegen 0.00/turn                p - +6 ring of strength

@: flying, slowed, very slow
A: sickness immunity, fire resistance 2, cold vulnerability 1, float, innate
caster, HP casting, extra vitality 1
a: no special abilities


You were in an ossuary.
You visited 1 branch of the dungeon, and saw 4 of its levels.
You also visited: Ossuary.

You collected 235 gold pieces.

Inventory:

Hand Weapons
 a - a +0 dagger (weapon)
Missiles
 f - 10 javelins
Armour
 c - a +0 robe (worn)
Jewellery
 h - a ring of fire
 k - a +6 ring of strength (left hand)
 n - a ring of resist corrosion
 p - a +6 ring of strength (right hand)
Scrolls
 g - a scroll of enchant armour {unknown}
 i - a scroll of magic mapping {unknown}
 j - 5 scrolls of identify {unknown}
 l - 3 scrolls of blinking {unknown}
 o - 3 scrolls of teleportation {unknown}
 v - a scroll of amnesia {unknown}
 w - a scroll of vulnerability {unknown}
Potions
 b - a potion of magic
 d - a potion of berserk rage {unknown}
 e - a potion of degeneration {unknown}
 m - a potion of mutation {unknown}
 q - a potion of curing {unknown}
 r - a potion of attraction {unknown}
 s - 2 potions of lignification {unknown}
 t - a potion of invisibility {unknown}
 u - a potion of might {unknown}


   Skills:
 + Level 2.2 Dodging
 - Level 1.5 Stealth
 * Level 5.3 Spellcasting


You couldn't memorise any spells.
You knew the following spells:

 Your Spells              Type           Power      Damage    Failure   Level
a - Necrotise             Necr           84%        1d8       1%          1
b - Vampiric Draining     Necr           21%        2d7       4%          3
c - Animate Dead          Necr           21%        N/A       17%         4
d - Agony                 Necr           21%        N/A       43%         5
e - Magic Dart            Conj           84%        1d7       1%          1
f - Lesser Beckoning      Tloc           42%        N/A       2%          2
Your spell library was empty.

Dungeon Overview and Level Annotations

Branches:
Dungeon (4/15)            Ossuary (1/1)
 Temple: D:4-7

Altars:
Yredelemnul

Shops:
D:1 [


Innate Abilities, Weirdness & Mutations

You are immune to sickness and miasma.
You are immune to poison.
Your flesh is very heat resistant. (rF++)
You are vulnerable to cold. (rC-)
You float through the air rather than walking.
You learn spells naturally, not from books.
Your magical power is your life essence.
You have superior vitality. (+4 MHP)


Message History

There is an open door here.
There is an open door here.
You see here a scroll labelled RIS EPEMIRUE.
o - 3 scrolls labelled RIS EPEMIRUE (gained 1)
l - 3 scrolls labelled IPIGGOW JYIS (gained 1)
There are no items here.
You see here a scroll labelled ANOETU QIUHENK.
j - 4 scrolls labelled ANOETU QIUHENK (gained 1)
There are no items here.
You see here a scroll labelled WEEM WAIPNYI.
v - a scroll labelled WEEM WAIPNYI The wraith closely misses you.
You hit the wraith but do no damage. The wraith barely misses you.
Unknown command.
The wraith hits you. The wraith drains your vigour!
You feel yourself slow down.
You see here a scroll labelled ANOETU QIUHENK.
j - 5 scrolls labelled ANOETU QIUHENK (gained 1)
The wraith hits you! The wraith drains your vigour!
You feel as though you will be slow longer.
The wraith barely misses you. The wraith hits you.
There are no items here.
The wraith hits you! The wraith drains your vigour!
You feel as though you will be slow longer.
The wraith barely misses you.
You see here a scroll labelled AGUZOAVVOGH.
w - a scroll labelled AGUZOAVVOGH The wraith hits you.
The wraith drains your vigour!
You feel as though you will be slow longer.
The wraith closely misses you.
There is an open door here.
The wraith hits you!
* * * LOW HITPOINT WARNING * * *
The wraith drains your vigour!
You feel as though you will be slow longer.
The wraith attacks as you move away! The wraith hits you but does no damage.
There is an open door here.
The wraith hits you!
You die...

#....##...##...##...##....#
#....#...##.....##...#....#
#....W...#...!?..#...'....#
#....#...##.....##...#....#
#....##...##...##...##....#
#.....##...##'##...##.....#
#......##.........##......#
#.......#####W#####.......#
#.∩.........@...........∩.#
#.........................#
############'''############
####...#### #..'...'..#
#..#...#..# ####...####
#...# #...#


You could see a wraith.

Vanquished Creatures
  A jelly (D:4)
  Jessica (D:3)
  An iguana (D:4)
  A mummy (Ossuary)
  2 dart slugs
  A worm (D:4)
  9 orcs (D:3)
  6 bats
  8 endoplasms
  2 giant cockroaches
  8 goblins
  4 hobgoblins
  A kobold (D:2)
  3 quokkas (D:1)
  4 ball pythons
  3 frilled lizards
  5 gnoll skeletons (Ossuary)
  6 kobold skeletons (Ossuary)
  14 orc skeletons (Ossuary)
  2 rats
82 creatures vanquished.

Notes
Turn   | Place    | Note
-------+----------+-------------------------------------------
     0 | D:1      | jimonade the Djinni Necromancer began the quest for the
                  | Orb.
     0 | D:1      | jimonade set off with the following spells memorised:
                  | Necrotise, Vampiric Draining, Animate Dead, Agony.
     0 | D:1      | Reached XP level 1. HP: 15/15 MP: 0/0
   116 | D:1      | Reached XP level 2. HP: 17/21 MP: 0/0
   247 | D:1      | Found Anos's Antique Armour Boutique.
   398 | D:1      | Reached XP level 3. HP: 24/25 MP: 0/0
   398 | D:1      | Learned a level 1 spell: Magic Dart
   473 | D:1      | Reached skill level 4 in Spellcasting
   695 | D:2      | Found a faded altar of an unknown god.
  1099 | D:3      | Noticed Jessica
  1103 | D:3      | Killed Jessica
  1104 | D:3      | Reached XP level 4. HP: 27/31 MP: 0/0
  1357 | D:3      | Found a basalt altar of Yredelemnul.
  1623 | D:3      | Reached XP level 5. HP: 34/35 MP: 0/0
  1623 | D:3      | Learned a level 2 spell: Lesser Beckoning
  1777 | D:4      | Reached skill level 5 in Spellcasting
  1963 | D:4      | Found a sand-covered staircase.
  1970 | Ossuary  | Entered an ossuary
  1970 | Ossuary  | Noticed a wraith
  1970 | Ossuary  | Noticed a wraith
  1970 | Ossuary  | Noticed a wraith
  2163 | Ossuary  | Reached XP level 6. HP: 29/40 MP: 0/0
  2268 | Ossuary  | Noticed a wraith
  2397 | Ossuary  | HP: 1/40 [wraith (13)]
  2399 | Ossuary  | Mangled by a wraith

Illustrated notes

Levels and vault maps discovered:
D:1:      minmay_arrival_pointy, layout_rooms, serial_shops,
          nicolae_shop_crystal, grunt_decor_mini_mirrors, dreamdust_wishing_well
D:2:      layout_basic, shapermc_ecumenical_altar_rom_forum, basic_altar
D:3:      layout_basic, lemuel_tele_altar, uniq_jessica
D:4:      layout_loops_ring, kennysheep_little_box, enter_ossuary_4
Ossuary:  ossuary_due_mausoleum

Skill      XL: |  1  2  3  4  5 |
---------------+----------------+-----
Spellcasting   | 4 5 |  5.3
Dodging        | |  2.2
Stealth        | |  1.5

Action                     |  1- 3 |  4- 6 || total
---------------------------+-------+-------++-------
  Melee: Dagger            |       |     1 ||     1
  Throw: Javelin           |       |     7 ||     7
   Cast: Necrotise         |    46 |       ||    46
         Magic Dart        |     4 |   104 ||   108
         Vampiric Draining |     1 |     8 ||     9
 Armour: Robe              |     1 |     2 ||     3
  Dodge: Dodged            |     9 |    17 ||    26

Table legend: (Time is in decaauts)
 A = Elapsed time spent in this place.
 B = Non-inter-level travel time spent in this place.
 C = Inter-level travel time spent in this place.
 D = Time resting spent in this place.
 E = Time spent auto-exploring this place.
 F = Levels seen in this place.
 G = Mean time per level.
                   A        B        C        D        E       F      G
               +--------+--------+--------+--------+--------+-----+--------+
         Total |   2403 |   2325 |     78 |     92 |   1572 |   5 |  480.6 |
       Dungeon |   1967 |   1889 |     78 |      0 |   1572 |   4 |  491.8 |
       Ossuary |    435 |    435 |      0 |     92 |      0 |   1 |  435.0 |
               +--------+--------+--------+--------+--------+-----+--------+

Top non-repeatable levels by time:
     D:3: 647 daAuts
     D:1: 647 daAuts
 Ossuary: 435 daAuts
     D:2: 427 daAuts
     D:4: 244 daAuts
